 Dungeon Crawl Stone Soup version 0.21.1-1-g345015f (webtiles) character file.

11 tidbits the Charmwright (level 2, -3/26 HPs)
             Began as a Gnoll Skald on June 22, 2018.
             Slain by Sigmund
             ... wielding a +0 scythe
              (14 damage)
             ... on level 3 of the Dungeon.
             The game lasted 00:01:01 (98 turns).

tidbits the Charmwright (Gnoll Skald)                 Turns: 98, Time: 00:01:01

Health: -3/26      AC:  3    Str: 13    XL:     2   Next: 25%
Magic:  3/7        EV: 14    Int: 15    God:
Gold:   13         SH:  0    Dex: 14    Spells: 5/10 levels left

rFire    . . .     SeeInvis .   a - +0 hand axe
rCold    . . .     Gourm    .   (no shield)
rNeg     . . .     Faith    .   b - +0 leather armour
rPois    .         Spirit   .   (no helmet)
rElec    .         Reflect  .   (no cloak)
rCorr    .         Harm     .   (no gloves)
MR       .....                  (no boots)
Stlth    +.........             (no amulet)
HPRegen  0.08/turn              (no ring)
MPRegen  0.10/turn              (no ring)

@: confused, infused
A: distributed training, fangs 1, strong nose
a: no special abilities


You were on level 3 of the Dungeon.
You were not hungry.

You visited 1 branch of the dungeon, and saw 3 of its levels.

You collected 13 gold pieces.

Inventory:

Hand Weapons
 a - a +0 hand axe (weapon)
Armour
 b - a +0 leather armour (worn)
Scrolls
 e - a scroll of identify {unknown}
Books
 c - a book of Battle

   Spells                             Type                      Level
   a - Infusion                       Charms                       1
   b - Shroud of Golubria             Charms/Translocation         2
   c - Song of Slaying                Charms                       2
   d - Spectral Weapon                Hexes/Charms                 3
   e - Regeneration                   Charms/Necromancy            3
Comestibles
 d - 2 rations


   Skills:
 + Level 4.4 Fighting
 + Level 0.3 Short Blades
 + Level 0.3 Long Blades
 + Level 4.4 Axes
 + Level 0.3 Maces & Flails
 + Level 0.3 Polearms
 + Level 0.3 Staves
 + Level 0.3 Slings
 + Level 0.3 Bows
 + Level 0.3 Crossbows
 + Level 0.3 Throwing
 + Level 2.4 Armour
 + Level 4.4 Dodging
 + Level 0.3 Stealth
 + Level 0.3 Shields
 + Level 0.3 Unarmed Combat
 + Level 4.9 Spellcasting
 + Level 0.2 Conjurations
 + Level 0.2 Hexes
 + Level 5.3 Charms
 + Level 0.2 Summonings
 + Level 0.2 Necromancy
 + Level 0.2 Translocations
 + Level 0.2 Transmutations
 + Level 0.2 Fire Magic
 + Level 0.2 Ice Magic
 + Level 0.2 Air Magic
 + Level 0.2 Earth Magic
 + Level 0.2 Poison Magic
 + Level 0.4 Invocations
 + Level 0.3 Evocations


You had 5 spell levels left.
You knew the following spells:

 Your Spells              Type           Power        Failure   Level  Hunger
g - Shroud of Golubria    Chrm/Tloc      ##........   10%         2    ##.....
i - Infusion              Chrm           ###.         2%          1    None
y - Song of Slaying       Chrm           ###.....     3%          2    ##.....


Dungeon Overview and Level Annotations

Branches:
Dungeon (3/15)

Altars:
Nemelex Xobeh

Annotations:
D:3 Sigmund


Innate Abilities, Weirdness & Mutations

Your experience applies equally to all skills.
You have very sharp teeth.
Your uncanny sense of smell can sniff out nearby items.


Message History

Welcome, tidbits the Gnoll Skald.
Will you be the one to retrieve the fabulous Orb of Zot from the depths?
Press ? for a list of commands and other information.
Found 13 gold pieces.
Found a staircase leading out of the dungeon.
You see here 13 gold pieces.
You now have 13 gold pieces.
As you open the large door, it creaks loudly!
You hear a shout!
There is a large open door here.
A kobold comes into view.
The kobold shouts!
Found a stone staircase leading down.
Casting: Infusion
Confirm with . or Enter, or press ? or * to list all spells.
You begin infusing your attacks with magical energy.
You hit the kobold!
You kill the kobold!
There is a stone staircase leading down here.
You climb downwards.
Found a ration.
There is a stone staircase leading up here.
Unknown command.
Found 17 stones.
You see here a ration.
d - 2 rations (gained 1)
A ball python comes into view.
The ball python hisses angrily.
You hit the ball python!
You kill the ball python!
Your magical infusion is running out.
An adder comes into view.
You are no longer magically infusing your attacks.
The adder moves out of view.
Found a hand axe.
Casting: Infusion
Confirm with . or Enter, or press ? or * to list all spells.
You begin infusing your attacks with magical energy.
You slash the adder!
You kill the adder!
You have reached level 2!
Memorise Song of Slaying, consuming 2 spell levels and leaving 7?
You start memorising the spell.
You continue memorising. x2
You finish memorising.
Spell assigned to 'y'.
Memorise Shroud of Golubria, consuming 2 spell levels and leaving 5?
You start memorising the spell.
You continue memorising. x2
You finish memorising.
Spell assigned to 'g'.
Unknown command.
Found a scroll labeled YSMEOTI NIJA.
Found a stone staircase leading up.
Your magical infusion is running out.
You see here a scroll labeled YSMEOTI NIJA.
e - a scroll labeled YSMEOTI NIJA You are no longer magically infusing your attacks.
Found a stone staircase leading down.
There is a stone staircase leading up here.
You climb upwards.
There is a stone staircase leading down here.
Unknown command.
You climb downwards.
There is a stone staircase leading up here.
Unknown command.
There is a stone staircase leading down here.
You climb downwards.
An adder and Sigmund come into view.
Sigmund shouts!
The adder hisses angrily.
Found 18 bolts, a rapier and 2 javelins.
There is a stone staircase leading up here.
Unknown command.
You aren't carrying any potions.
Unknown command.
Unknown command.
Casting: Infusion
Confirm with . or Enter, or press ? or * to list all spells.
Space distorts slightly along a thin shroud covering your body.
Casting: Shroud of Golubria
Confirm with . or Enter, or press ? or * to list all spells.
You begin infusing your attacks with magical energy.
Unknown command.
You barely miss the adder. The adder completely misses you.
You hit the adder.
The adder is lightly wounded.
The adder barely misses you. The adder bites you.
Your shroud falls apart!
The adder bites you. Sigmund casts a spell at you. The magic dart hits you!
* * * LOW HITPOINT WARNING * * *
Sigmund points at you and mumbles some strange words.
You are confused.
Found a sparkling altar of Nemelex Xobeh.
You aren't carrying any potions.
The adder misses you. Sigmund hits you with a scythe!
Ouch! That really hurt!
You die...

#########
#.......#
#.......#
#.).....# ###
#..<....#
#...####...(...#
⌠.⌠.....S.........
._.....@@......##.
⌠.⌠............#
.................
...............###
......(..##.####
.......... ...
#......... ....
..#........ ..


You could see Sigmund and an adder.

Vanquished Creatures
  An adder (D:2)
  A kobold (D:1)
  A ball python (D:2)
3 creatures vanquished.

Notes
Turn   | Place    | Note
-------+----------+-------------------------------------------
     0 | D:1      | tidbits the Gnoll Skald began the quest for the Orb.
     0 | D:1      | Reached XP level 1. HP: 20/20 MP: 6/6
    44 | D:2      | Reached XP level 2. HP: 26/26 MP: 4/7
    48 | D:2      | Learned a level 2 spell: Song of Slaying
    51 | D:2      | Learned a level 2 spell: Shroud of Golubria
    91 | D:3      | Noticed Sigmund
    97 | D:3      | Found a sparkling altar of Nemelex Xobeh.
    98 | D:3      | Slain by Sigmund

Action                   || total
-------------------------++-------
Melee: Hand axe          ||     5
 Cast: Infusion          ||     3
       Shroud of Golubri ||     1
Dodge: Dodged            ||     3

Table legend:
 A = Turns spent in this place as a percentage of turns spent in the entire game.
 B = Non-inter-level travel turns spent in this place as a percentage of non-inter-level travel turns spent in the entire game.
 C = Inter-level travel turns spent in this place as a percentage of turns spent in this place.
 D = Turns resting spent in this place as a percentage of non-inter-level travel turns spent in this place.
 E = Turns spent auto-exploring this place as a percentage of non-inter-level travel turns spent in this place.
 F = Non-inter-level travel turns spent in this place divided by the number of levels of this place that you've seen.
                   A       B       C       D       E      F
               +-------+-------+-------+-------+-------+----------------------
         Total | 100.0 | 100.0 |   0.0 |   0.0 |   0.0 |  32.7
       Dungeon | 100.0 | 100.0 |   0.0 |   0.0 |   0.0 |  32.7
               +-------+-------+-------+-------+-------+----------------------

Table legend:
 A = Kills in this place as a percentage of kills in entire the game.
 B = Kills by you in this place as a percentage of kills by you in the entire game.
 C = Kills by friends in this place as a percentage of kills by friends in the entire game.
 D = Other kills in this place as a percentage of other kills in the entire game.
 E = Experience gained in this place as a percentage of experience gained in the entire game.
 F = Experience gained in this place divided by the number of levels of this place that you have seen.
                   A       B       C       D       E      F
               +-------+-------+-------+-------+-------+----------------------
         Total | 100.0 | 100.0 |   N/A |   N/A | 100.0 |   5.3
       Dungeon | 100.0 | 100.0 |   N/A |   N/A | 100.0 |   5.3
               +-------+-------+-------+-------+-------+----------------------

Vault maps used:
D:1:      lemuel_arrival_behind_the_door_large
D:2:      yredelemnul_altar_generic, old_standard_altar
D:3:      first_ration, nemelex_xobeh_ov_fountains_minmay, uniq_ijyb,
          uniq_sigmund
